 Dungeon Crawl Stone Soup version 0.28-a0-834-g1a73be5ee4 (webtiles) character file.

Game seed: 12773680290359033248

93 croobank the Digger (level 4, -1/35 HPs)
             Began as a Draconian Earth Elementalist on Nov 11, 2021.
             Slain by Pikel (4 damage)
             ... on level 4 of the Dungeon on Nov 12, 2021.
             The game lasted 00:30:08 (4191 turns).

croobank the Digger (Draconian Earth Elementalist)  Turns: 4191, Time: 00:30:09

Health: -1/35      AC:  9    Str: 11    XL:     4   Next: 37%
Magic:  7/7        EV:  9    Int: 16    God:
Gold:   95         SH:  7    Dex: 17    Spells: 2/8 levels left

rFire   + . .      SeeInvis .   i - +0 trident
rCold   + . .      Faith    .   t - +0 kite shield
rNeg    + . .      Spirit   .   (armour unavailable)
rPois   +          Reflect  .   (helmet restricted)
rElec   +          Harm     .   (no cloak)
rCorr   +          Rampage  .   (no gloves)
Will    .....                   (no boots)
Stlth   +++.......              (no amulet)
HPRegen 0.11/turn               f - +4 ring of protection
MPRegen 0.10/turn               p - ring of positive energy

@: resistant
A: AC +5, unfitting armour, cold-blooded, claws 1, thin skeletal structure 1,
agile 2
a: no special abilities


You were on level 4 of the Dungeon.
You visited 1 branch of the dungeon, and saw 4 of its levels.

You collected 95 gold pieces.

Inventory:

Hand Weapons
 a - a +0 dagger
 i - a +0 trident (weapon)
 j - a +0 short sword
 m - a +0 flail
 q - a +0 falchion
 r - a +2 spear of venom
Missiles
 b - 39 stones
 k - 3 poisoned darts
 l - 5 curare-tipped darts
Armour
 t - a +0 kite shield (worn)
Jewellery
 f - a +4 ring of protection (left claw)
 h - an amulet of faith
 p - a ring of positive energy (right claw)
Wands
 o - a wand of iceblast (6)
Scrolls
 d - 2 scrolls of vulnerability
 g - a scroll of enchant weapon {unknown}
 n - 3 scrolls of noise


   Skills:
 * Level 1.4 Fighting
 * Level 1.0 Polearms
 + Level 1.9 Dodging
 + Level 2.2 Stealth
 + Level 0.1 Unarmed Combat
 + Level 2.5 Spellcasting
 + Level 1.0 Transmutations
 + Level 4.0 Earth Magic


You had 2 spell levels left.
You knew the following spells:

 Your Spells              Type           Power      Damage    Failure   Level
a - Sandblast             Erth           28%        2d8       26%         1
b - Passwall              Tmut/Erth      8%         N/A       58%         2
c - Stone Arrow           Conj/Erth      16%        3d8       88%         3

Your spell library contained the following spells:

 Spells                   Type           Power      Damage    Failure   Level
 Swiftness                Air            2%         N/A       99%         3
 Petrify                  Tmut/Erth      10%        N/A       99%         4


Dungeon Overview and Level Annotations

Branches:
Dungeon (4/15)
 Temple: D:4-7

Altars:

Annotations:
D:4 Dowan, Eustachio, Pikel


Innate Abilities, Weirdness & Mutations

Your plain brown scales are hard. (AC +5)
You cannot fit into any form of body armour.
You are cold-blooded and may be slowed by cold attacks.
You have sharp fingernails.
You have a somewhat thin skeletal structure. (Dex +2, Stealth+)
You are very agile. (Dex +4)


Message History

Press: ? - help, Shift-Dir - straight line, p - Pikel That beam is likely to hit you.
Continue anyway?
Uppercase [Y]es or [N]o only, please.
That beam is likely to hit you.
Continue anyway?
The mass of ice explodes!
The iceblast engulfs Pikel!
Pikel is heavily wounded.
The iceblast engulfs you! You partially resist.
* * * LOW HITPOINT WARNING * * *
You hear a shout!
Pikel hits you but does no damage.
Aiming: Iceblast
Press: ? - help, Shift-Dir - straight line, f - necrophage
Aim: a necrophage That beam is likely to hit you.
Continue anyway?
Okay, then.
Aiming: Iceblast
Press: ? - help, Shift-Dir - straight line, f - lemure, p - necrophage
Aim: a lemure Out of range.
Okay, then.
Aiming: Iceblast
Press: ? - help, Shift-Dir - straight line, f - lemure, p - necrophage
Aim: a lemure That beam is likely to hit you.
Continue anyway?
The mass of ice explodes!
The iceblast engulfs Pikel!
Pikel is severely wounded.
The iceblast engulfs you. You partially resist.
* * * LOW HITPOINT WARNING * * *
The iceblast engulfs the necrophage.
The necrophage partially resists.
The necrophage is moderately damaged.
You block Pikel's attack.
Press: ? - help, v - describe, . - travel
Here: a necrophage (moderately damaged)
The floor.
You hit Pikel.
Pikel is severely wounded.
You block Pikel's attack. The necrophage closely misses you.
Pikel says, "Time is money, and you're costing me too much!"
Pikel hits you with a +1 whip of freezing.
You die...

#........5##.############.#
#.........##..............#
#.........##..............#
#.........##..............#
..........................#
..........#..............##
#.............###....####
#.###5...###....#
#..#@K.5.5.K....# ##
###.#.n...####...# #.
#.....#..## #...####.
#.##.##..# #......#.
#.##..#..# #........
###.#......# #........
(......#.#.## #...#....
.......#...###########'#.
.......#...............#.


You could see Pikel, 3 lemures, a necrophage and a kobold.

Vanquished Creatures
  4 adders
  A worm (D:2)
  A dart slug (D:3)
  5 orcs (D:3)
  4 ball pythons
  3 endoplasms
  4 goblins
  8 hobgoblins
  3 quokkas
  4 bats
  A frilled lizard (D:2)
  4 kobolds
  5 rats
47 creatures vanquished.

Vanquished Creatures (others)
  An orc (D:3)
1 creature vanquished.

Grand Total: 48 creatures vanquished

Notes
Turn   | Place    | Note
-------+----------+-------------------------------------------
     0 | D:1      | croobank the Draconian Earth Elementalist began the quest
                  | for the Orb.
     0 | D:1      | Reached XP level 1. HP: 14/14 MP: 3/3
   430 | D:1      | Reached XP level 2. HP: 20/20 MP: 3/5
  1401 | D:2      | Found a faded altar of an unknown god.
  1406 | D:2      | Reached XP level 3. HP: 26/27 MP: 6/6
  1722 | D:2      | Learned a level 2 spell: Passwall
  1726 | D:2      | Learned a level 3 spell: Stone Arrow
  2357 | D:3      | Reached XP level 4. HP: 18/34 MP: 4/7
  2455 | D:3      | Reached skill level 4 in Earth Magic
  2464 | D:3      | Gained mutation: You are agile. (Dex +2) [potion of
                  | mutation]
  2464 | D:3      | Gained mutation: You are partially covered in large bone
                  | plates. (SH +4) [potion of mutation]
  2464 | D:3      | Gained mutation: You passively map a small area around you.
                  | [potion of mutation]
  2845 | D:3      | Reached skill level 1 in Fighting
  3008 | D:3      | Lost mutation: You are partially covered in large bone
                  | plates. (SH +4) [potion of mutation]
  3008 | D:3      | Lost mutation: You passively map a small area around you.
                  | [potion of mutation]
  3008 | D:3      | Gained mutation: You have a somewhat thin skeletal
                  | structure. (Dex +2, Stealth+) [potion of mutation]
  3008 | D:3      | Gained mutation: You have sharp fingernails. [potion of
                  | mutation]
  3008 | D:3      | Gained mutation: You are very agile. (Dex +4) [potion of
                  | mutation]
  3135 | D:3      | Reached skill level 1 in Polearms
  3407 | D:3      | HP: 1/35 [poisoned by an adder]
  4074 | D:4      | Noticed a lemure
  4133 | D:4      | Noticed Eustachio
  4150 | D:4      | Noticed a necrophage
  4151 | D:4      | Noticed Pikel
  4153 | D:4      | Noticed Dowan
  4157 | D:4      | Noticed a lemure
  4158 | D:4      | Noticed a lemure
  4158 | D:4      | Noticed a lemure
  4191 | D:4      | Slain by Pikel

Illustrated notes

Levels and vault maps discovered:
D:1:      minmay_arrival_widening_spiral_wide, layout_rooms,
          minmay_misc_feat_pillars, chequers_serial_rivers_large_b,
          minmay_strange_pillars, minmay_strange_pillars
D:2:      layout_basic, basic_ecumenical_altar, grunt_decor_cap,
          corexii_item_surrounded_by_moat, grunt_ministairs_8
D:3:      layout_loops_cross, minmay_misc_feat_alley
D:4:      layout_basic, grunt_decor_one_mirror, uniq_eustachio, uniq_pikel,
          uniq_duvessa

Skill      XL: |  1  2  3  4 |
---------------+-------------+-----
Stealth        | 2 |  2.2
Earth Magic    | 4 |  4.0
Fighting       | 1 |  1.4
Polearms       | 1 |  1.0
Dodging        | |  1.9
Unarmed Combat | |  0.1
Spellcasting   | |  2.5
Transmutations | |  1.0

Action                   |  1- 3 |  4- 6 || total
-------------------------+-------+-------++-------
Melee: Unarmed           |    14 |       ||    14
       Dagger            |    11 |       ||    11
       Trident           |    75 |    36 ||   111
       Tailslap          |     7 |     4 ||    11
Throw: Dart              |    10 |       ||    10
       Stone             |     3 |       ||     3
 Cast: Sandblast         |    23 |    16 ||    39
Evoke: Wand              |       |     2 ||     2
  Use: Scroll            |     3 |     5 ||     8
       Potion            |       |     5 ||     5
 Stab: Sleeping          |     1 |       ||     1
Armor: Skin              |    41 |     9 ||    50
Dodge: Dodged            |    80 |    34 ||   114
Block: Kite shield       |       |     6 ||     6
       Other             |       |     3 ||     3

Table legend: (Time is in decaauts)
 A = Elapsed time spent in this place.
 B = Non-inter-level travel time spent in this place.
 C = Inter-level travel time spent in this place.
 D = Time resting spent in this place.
 E = Time spent auto-exploring this place.
 F = Levels seen in this place.
 G = Mean time per level.
                   A        B        C        D        E       F      G
               +--------+--------+--------+--------+--------+-----+--------+
         Total |   4253 |   4119 |    134 |   1227 |   1958 |   4 | 1063.2 |
       Dungeon |   4253 |   4119 |    134 |   1227 |   1958 |   4 | 1063.2 |
               +--------+--------+--------+--------+--------+-----+--------+

Top non-repeatable levels by time:
     D:2: 1690 daAuts
     D:3: 1480 daAuts
     D:1: 753 daAuts
     D:4: 328 daAuts
